 Dungeon Crawl Stone Soup version 0.31-a0-233-g139696dc86 (webtiles) character file.

Game seed: 15432655005004236006

522 qw the Shooter (level 7, 0/59 HPs)
             Began as a Minotaur Hexslinger on July 7, 2023.
             Succumbed to a water moccasin's poison
             ... on level 5 of the Dungeon.
             The game lasted 00:01:16 (3387 turns).

qw the Shooter (Minotaur Hexslinger)                Turns: 3387, Time: 00:01:16

Health: 0/59       AC:  9    Str: 12    XL:     7   Next: 2%
Magic:  7/7        EV: 11    Int: 10    God:
Gold:   156        SH:  0    Dex: 15    Spells: 7/8 levels left

rFire   . . .        Y - +1 sling
rCold   . . .        (no shield)
rNeg    . . .        g - +2 ring mail {Will+}
rPois   .            (helmet restricted)
rElec   .            e - +1 cloak
rCorr   .            (no gloves)
SInv    .            (no boots)
Will    +....        (no amulet)
Stlth   +            (no ring)
HPRegen 0.29/turn    (no ring)
MPRegen 0.10/turn

%: no passive effects
@: lethally poisoned (0 -> -4)
A: horns 2, retaliatory headbutt
a: no special abilities


You were on level 5 of the Dungeon.
You visited 1 branch of the dungeon, and saw 5 of its levels.

You collected 156 gold pieces.


Innate Abilities, Weirdness & Mutations

You have a pair of horns on your head.
You reflexively headbutt those who attack you in melee.


   Skills:
 - Level 4.1 Fighting
 + Level 7.4 Ranged Weapons
 - Level 1.0 Armour
 - Level 2.1 Dodging
 - Level 1.0 Spellcasting
 - Level 2.0 Hexes


You had 7 spell levels left.
You knew the following spells:

 Your Spells              Type           Power      Damage    Failure   Level
a - Slow                  Hex            16%        N/A       34%         1

Your spell library contained the following spells:

 Spells                   Type           Power      Damage    Failure   Level
 Inner Flame              Hex/Fire       2%         N/A       83%         3
 Portal Projectile        Hex/Tloc       4%         N/A       83%         3
 Cause Fear               Hex            2%         N/A       98%         4

Inventory:

Hand Weapons
 Y - a +1 sling (weapon)
Armour
 e - a +1 cloak (worn)
 g - a +2 ring mail of willpower (worn)
Potions
 a - a potion of brilliance {unknown}
 d - a potion of enlightenment {unknown}
 f - a potion of curing {unknown}
 i - a potion of lignification {unknown}
 k - a potion of degeneration {unknown}

Dungeon Overview and Level Annotations

Branches:
Dungeon (5/15)
 Temple: D:4-7

Altars:
Ru
Yredelemnul

Shops:
D:4 *


Message History

You feel sick.
You are no longer poisoned.
The water moccasin bites you.
You are poisoned.
The water moccasin poisons you! The water moccasin barely misses you.
You shoot a sling bullet.
The sling bullet misses the water moccasin.
You feel very sick. The water moccasin bites you!
You are lethally poisoned!
The water moccasin poisons you!
The water moccasin bites you but does no damage.
You shoot a sling bullet.
The sling bullet closely misses the water moccasin.
You feel very sick. The water moccasin closely misses you.
You shoot a sling bullet.
The sling bullet hits the water moccasin!
The water moccasin is heavily wounded.
You feel very sick. The water moccasin barely misses you.
You furiously retaliate!
You headbutt the water moccasin!
The water moccasin bites you but does no damage.
You shoot a sling bullet.
The sling bullet hits the water moccasin.
The water moccasin is almost dead.
You feel very sick.
The water moccasin bites you but does no damage. x2
You shoot a sling bullet.
The sling bullet hits the water moccasin!
You kill the water moccasin!
You feel very sick.
Your Ranged Weapons skill increases to level 7!
You have reached level 7!
There is a lethal amount of poison in your body!
You feel sick.
There is a lethal amount of poison in your body!
You feel sick.
There is a lethal amount of poison in your body!
You die...

#.. ..# #.# . ...
.. #.# #.# #.#
##...#### ####%#
.......<####...@#
.##.......^#.####
#.######.#.#
#........#.#
#####....#.#
......#.##.#
#######....#
####.# ###


There were no monsters in sight!

Vanquished Creatures
  Sigmund (D:3)
  A water moccasin (D:5)
  A scorpion (D:4)
  2 orc priests
  An iguana (D:4)
  An orc wizard (D:4)
  An adder (D:4)
  An ufetubus (D:4)
  2 worms
  3 dart slugs
  7 orcs
  5 endoplasms
  6 giant cockroaches
  5 goblins
  5 hobgoblins
  6 jackals (D:3)
  A quokka (D:2)
  5 ball pythons
  6 bats
  A frilled lizard (D:2)
  8 kobolds
  5 rats
74 creatures vanquished.

Notes
Turn   | Place    | Note
-------+----------+-------------------------------------------
     0 | D:1      | qw the Minotaur Hexslinger began the quest for the Orb.
     0 | D:1      | Reached XP level 1. HP: 16/16 MP: 1/1
     0 | D:1      | 0 ||| qw: Version: 0.3-a-46-gb1f654a
     0 | D:1      | 0 ||| qw: Game counter: 3157
     0 | D:1      | 0 ||| qw: Melee chars always use a shield: true
     0 | D:1      | 0 ||| qw: God list: Okawaru
     0 | D:1      | 0 ||| qw: Allow faded altars: false
     0 | D:1      | 0 ||| qw: Do Orc after clearing Dungeon:15 true
     0 | D:1      | 0 ||| qw: Do second Lair branch before Depths: true
     0 | D:1      | 0 ||| qw: Lair rune preference: random
     0 | D:1      | 0 ||| qw: Goals: Normal
     0 | D:1      | 0 ||| PLANNING D:1-11
   204 | D:1      | Reached skill level 3 in Ranged Weapons
   204 | D:1      | Reached XP level 2. HP: 23/23 MP: 2/2
   353 | D:1      | 353 ||| UPGRADING to +0 ring mail.
   363 | D:1      | 363 ||| DROPPING +0 robe.
   364 | D:1      | 364 ||| UPGRADING to +2 ring mail of willpower.
   374 | D:1      | 374 ||| DROPPING +0 ring mail.
   375 | D:1      | 375 ||| READING scroll labelled HANUOKHLEENT.
   379 | D:1      | 379 ||| READING scroll labelled KODGHO BECKOTTI.
   380 | D:1      | 380 ||| DRINKING 2 blue potions.
   381 | D:1      | 381 ||| DROPPING scroll of poison.
   382 | D:1      | 382 ||| DROPPING potion of attraction.
   994 | D:2      | Found a faded altar of an unknown god.
  1066 | D:2      | Reached XP level 3. HP: 29/29 MP: 3/3
  1070 | D:2      | 1070 ||| UPGRADING to +0 cloak.
  1075 | D:2      | 1075 ||| READING scroll of enchant armour.
  1075 | D:2      | 1075 ||| ENCHANTING +0 cloak.
  1076 | D:2      | 1076 ||| READING scroll labelled DAEHAGOHEV.
  1077 | D:2      | 1077 ||| READING scroll labelled QORAAM ATYNT.
  1078 | D:2      | 1078 ||| READING scroll labelled MARCHA POMO.
  1122 | D:3      | Reached skill level 4 in Ranged Weapons
  1122 | D:3      | Reached XP level 4. HP: 12/36 MP: 4/4
  1290 | D:3      | Reached skill level 1 in Armour
  1342 | D:3      | Found a basalt altar of Yredelemnul.
  1342 | D:3      | Noticed Sigmund
  1352 | D:3      | 1352 ||| FLEEEEING.
  1362 | D:3      | 1362 ||| STAIRDANCE
  1436 | D:3      | 1436 ||| STAIRDANCE
  1452 | D:3      | 1452 ||| STAIRDANCE
  1479 | D:3      | 1479 ||| STAIRDANCE
  1504 | D:3      | Killed Sigmund
  1505 | D:3      | Reached skill level 6 in Ranged Weapons
  1505 | D:3      | Reached XP level 5. HP: 40/41 MP: 5/5
  2065 | D:3      | 2065 ||| READING scroll labelled NIDORRAPTU.
  2166 | D:3      | 2166 ||| READING scroll labelled OBBILO BEQO.
  2167 | D:3      | 2167 ||| READING scroll labelled REURPHI SAAK.
  2168 | D:3      | 2168 ||| READING scroll labelled XEUDATHR JEKKIS.
  2234 | D:4      | Reached skill level 3 in Fighting
  2234 | D:4      | Reached XP level 6. HP: 51/51 MP: 6/6
  2397 | D:4      | 2397 ||| READING scroll labelled MOAVOG SOSE.
  2621 | D:4      | 2621 ||| Stepping ~*~*~tactically~*~*~ (outnumbered).
  2622 | D:4      | 2622 ||| Stepping ~*~*~tactically~*~*~ (outnumbered).
  2818 | D:4      | Found Hipnoc's Elemental Accessories.
  3094 | D:4      | Found a sacrificial altar of Ru.
  3348 | D:5      | Entered Level 5 of the Dungeon
  3368 | D:5      | Noticed a water moccasin
  3382 | D:5      | HP: 9/52 [poisoned by a water moccasin]
  3384 | D:5      | Killed a water moccasin
  3384 | D:5      | HP: 4/52 [poisoned by a water moccasin]
  3385 | D:5      | Reached skill level 7 in Ranged Weapons
  3385 | D:5      | Reached XP level 7. HP: 4/59 MP: 7/7
  3386 | D:5      | HP: 1/59 [poisoned by a water moccasin]
  3387 | D:5      | Succumbed to a water moccasin's poison

Levels and vault maps discovered:
D:1:      dpeg_arrival_court, layout_rooms
D:2:      layout_loops_ring, shapermc_ecumenical_altar_petra
D:3:      layout_basic, yredelemnul_altar_generic, kennysheep_generic_room_15,
          uniq_sigmund
D:4:      minmay_angry_zag, layout_layer_cave, nicolae_ru_path_of_blood,
          nicolae_elemental_shop
D:5:      layout_basic, nicolae_overflow_hallway_of_the_gods, demons_altar,
          temple_statues, serial_shops, shop

Skill      XL: |  1  2  3  4  5  6 |
---------------+-------------------+-----
Ranged Weapons | 3 4 6 7 |  7.4
Fighting       | 2 3 4 |  4.1
Armour         | 1 |  1.0
Dodging        | |  2.1
Spellcasting   | |  1.0
Hexes          | |  2.0

Action                     |  1- 3 |  4- 6 |  7- 9 || total
---------------------------+-------+-------+-------++-------
   Fire: Sling             |   100 |   179 |       ||   279
    Use: Scroll            |     6 |     5 |       ||    11
         Potion            |     1 |       |       ||     1
 Armour: Robe              |     2 |       |       ||     2
         Ring mail         |    22 |    62 |       ||    84
  Dodge: Dodged            |    32 |    69 |       ||   101

Table legend:
 A = Non-vault XP
 B = Vault XP
 C = Vault XP percentage of total XP
 D = Non-vault monster count
 E = Vault monster count
 F = Vault count percentage of total count
                 A         B        C        D         E       F
            +---------+---------+-------+---------+---------+-------
      Total |     527 |     220 |  29.5 |      70 |       4 |   5.4
            +---------+---------+-------+---------+---------+-------
        D:1 |      19 |       0 |   0.0 |      10 |       0 |   0.0
        D:2 |      24 |       0 |   0.0 |      13 |       0 |   0.0
        D:3 |      96 |     216 |  69.2 |      28 |       2 |   6.7
        D:4 |     246 |       4 |   1.6 |      18 |       2 |  10.0
        D:5 |     142 |       0 |   0.0 |       1 |       0 |   0.0
            +---------+---------+-------+---------+---------+-------
